 Dungeon Crawl Stone Soup version 0.29-a0-284-gf9362112df (webtiles) character file.

Game seed: 12791996949159676333

25 sammy202020 the Skirmisher (level 2, -1/24 HPs)
             Began as a Demonspawn Berserker on Mar 29, 2022.
             Was a Follower of Trog.
             Slain by a worm (11 damage)
             ... on level 2 of the Dungeon.
             The game lasted 00:01:00 (1276 turns).

sammy202020 the Skirmisher (Demonspawn Berserker)   Turns: 1276, Time: 00:01:01

Health: -1/24      AC:  2    Str: 17    XL:     2   Next: 86%
Magic:  2/2        EV: 12    Int:  8    God:    Trog [*.....]
Gold:   55         SH:  0    Dex: 12    Spells: 1/1 levels left

rFire   . . .      SeeInvis .   a - +0 hand axe
rCold   . . .      Faith    .   (no shield)
rNeg    . . .      Spirit   .   b - +0 animal skin
rPois   .          Reflect  .   (no helmet)
rElec   .          Harm     .   (no cloak)
rCorr   .          Rampage  .   (no gloves)
Will    .....                   (no boots)
Stlth   +.........              (no amulet)
HPRegen 0.08/turn               (no ring)
MPRegen 0.08/turn               (no ring)

@: no status effects
A: powered by pain 1
a: Renounce Religion, Berserk


You were on level 2 of the Dungeon.
You worshipped Trog.
Trog was aware of your devotion.
You visited 1 branch of the dungeon, and saw 2 of its levels.

You collected 55 gold pieces.

Inventory:

Hand Weapons
 a - a +0 hand axe (weapon)
 g - a +0 whip of venom
Armour
 b - a +0 animal skin (worn)
Scrolls
 c - a scroll of summoning {unknown}
 d - a scroll of brand weapon {unknown}
 f - 2 scrolls of identify {unknown}
 h - a scroll of blinking {unknown}
Potions
 e - a potion of lignification {unknown}
 i - a potion of berserk rage {unknown}


   Skills:
 * Level 3.3 Fighting
 * Level 3.0 Axes
 * Level 2.3 Armour
 + Level 2.0 Dodging


You had one spell level left.
You didn't know any spells.
Your spell library was empty.

Dungeon Overview and Level Annotations

Branches:
Dungeon (2/15)

Altars:


Innate Abilities, Weirdness & Mutations

You sometimes gain a little power by taking damage.


Message History

The kobold is moderately wounded.
The kobold hits you but does no damage.
You hit the kobold.
You kill the kobold!
Trog accepts your kill.
You barely miss the goblin. The goblin hits you but does no damage.
You closely miss the goblin.
The goblin hits you with a +0 dagger. x2
You closely miss the goblin.
A worm comes into view.
The goblin hits you with a +0 dagger.
You closely miss the goblin. The goblin barely misses you.
A goblin is nearby!
Unknown command.
You closely miss the goblin. The goblin hits you but does no damage.
You hit the goblin.
The goblin is moderately wounded.
The goblin barely misses you.
You hit the goblin.
You kill the goblin!
Trog accepts your kill.
You hit the worm.
The worm is moderately wounded.
You hit the worm.
The worm is severely wounded.
The worm bites you!
You are too injured to fight recklessly!
You are too injured to fight recklessly!
You are too injured to fight recklessly!
You are too injured to fight recklessly!
You are too injured to fight recklessly!
You are too injured to fight recklessly!
You fail to use your ability.
The worm barely misses you.
You hit the worm.
The worm is severely wounded.
A gnoll comes into view. It is wielding a +0 halberd.
You barely miss the worm.
The worm is severely wounded.
The gnoll shouts!
The worm bites you!
You die...

########## ...
#........###.#+
#..............
#..............
#..............
#..............
#.....)..###+#
#........#
#.......@#
#.....)).w......
#........!.....g
####............
#............
#..........##
#..........#
#..........#


You could see a worm and a gnoll.

Vanquished Creatures
  A dart slug (D:1)
  4 endoplasms (D:1)
  A giant cockroach (D:1)
  A hobgoblin (D:1)
  4 kobolds
  4 quokkas (D:1)
  2 ball pythons (D:1)
  A bat (D:1)
  A frilled lizard (D:1)
  2 goblins
21 creatures vanquished.

Notes
Turn   | Place    | Note
-------+----------+-------------------------------------------
     0 | D:1      | sammy202020 the Demonspawn Berserker began the quest for
                  | the Orb.
     0 | D:1      | Reached XP level 1. HP: 18/18 MP: 1/1
   444 | D:1      | Gained mutation: You sometimes gain a little power by
                  | taking damage. [demonic ancestry]
   444 | D:1      | Reached XP level 2. HP: 24/24 MP: 2/2
  1276 | D:2      | Slain by a worm

Illustrated notes

Levels and vault maps discovered:
D:1:      lemuel_arrival_behind_the_door_small, layout_basic
D:2:      layout_basic

Skill      XL: |  1  2 |
---------------+-------+-----
Armour         | 2 |  2.3
Axes           | 3 |  3.0
Dodging        | 2 |  2.0
Fighting       | |  3.3

Action                   || total
-------------------------++-------
Melee: Hand axe          ||    76
Invok: Berserk           ||     1
 Stab: Sleeping          ||     1
Armor: Animal skin       ||    14
Dodge: Dodged            ||    43

Table legend: (Time is in decaauts)
 A = Elapsed time spent in this place.
 B = Non-inter-level travel time spent in this place.
 C = Inter-level travel time spent in this place.
 D = Time resting spent in this place.
 E = Time spent auto-exploring this place.
 F = Levels seen in this place.
 G = Mean time per level.
                   A        B        C        D        E       F      G
               +--------+--------+--------+--------+--------+-----+--------+
         Total |   1299 |   1285 |     14 |      0 |   1099 |   2 |  649.5 |
       Dungeon |   1299 |   1285 |     14 |      0 |   1099 |   2 |  649.5 |
               +--------+--------+--------+--------+--------+-----+--------+

Top non-repeatable levels by time:
     D:1: 1274 daAuts
     D:2: 25 daAuts
